Unix NetHack Version 5.0.0-0 post-release - last build Jun 10 2026 00:39:30 (3ee93aec679c4c4259841fe613dc97188e26a321,branch:main).

Game began 2026-07-08 12:34:16, ended 2026-07-09 23:01:48.

Calendula, neutral female human Wizard

                                                 -------
                                                  .....|#
                                                ------..########   -----------
                                                |*[..|.|#      ####|.........|
                                                |*.).-.|          #..........|
                                                |??%.|.|           |.........|
                                    -- ------+--------.|           |.........|
                                    |....{F.........@..|           --.-.------
                                    |       -----+----.|             #
                                                     |.|            ###
                                                     |.|             ##
                       |   -+------ -       -+-----+--.|#            #
                       |...............................%#            #
                       |   ---- ---+----       -+-----.|#     --.----.-
                                                  |..|.|      |.......|
                                                  |..%.|      ........|
                                                  ------      |...<...|
                                                              ---------

Calendula the Thaumaturge  St:12 Dx:12 Co:17 In:15 Wi:13 Ch:9  Neutral
Dlvl:6  $:63 HP:0(45) Pw:9(58) AC:8  Xp:6 T:3360  FoodPois

Latest messages:
 In what direction? 1
 The spell hits the wolf!
 The wolf bites!
 You hit the wolf.
 The wolf bites!
 You miss the wolf.
 The wolf bites!
 You hit the wolf.
 The wolf bites!
 You kill the wolf!
 You see here a gnome corpse.
 There is a gnome corpse here; eat it? [ynq] (n) y
 Ulch - that meat was tainted!
 You feel deathly sick.
 (It must have died too long ago to be safe to eat.)
 Waiting doesn't feel like a good idea right now.
 Searching doesn't feel like a good idea right now.
 What do you want to zap? [cpE or ?*] E
 In what direction? 9
 What do you want to zap? [cpE or ?*] c
 In what direction? .
 What do you want to use or apply? [cnpvwAC-E or ?*] ?
 What do you want to write on? [ikD or ?*] <space>
 Never mind.
 There appears to be no shopkeeper here to receive your payment.
 What do you want to drink? [fg or ?*] g
 This tastes like slime mold juice.
 Call a milky potion: slime
 What do you want to eat? [l or ?*] Z
 You don't have that object.
 What do you want to eat? [l or ?*] <esc>
 Never mind.
 What do you want to read? [ikD or ?*] D
 This spellbook is all blank.
 What do you want to use or apply? [cnpvwAC-E or ?*] ?
 What do you want to write on? [ikD or ?*] ?
 What type of scroll do you want to write? cure sickness
 There is no such scroll!
 Waiting doesn't feel like a good idea right now.
 What do you want to eat? [l or ?*] l
 It is not so easy to open this tin.
 Your sickness feels worse.
 Your sickness is severe.
 You are at Death's door.
 You die from your illness.
 Do you want your possessions identified? [ynq] (y) y
 Do you want to see your attributes? [ynq] (y) y
 Do you want an account of creatures vanquished? [ynaq] (y) y
 Do you want to see your conduct and achievements? [ynq] (y) y
 Do you want to see the dungeon overview? [ynq] (y) y

Inventory:
 Coins    ('$')
  $ - 63 gold pieces
 Weapons  (')')
  a - a +0 quarterstaff (weapon in hands)
 Armor    ('[')
  q - an uncursed rusty +0 orcish helm (being worn)
  t - an uncursed +0 pair of iron shoes (being worn)
  b - an uncursed burnt +0 cloak of magic resistance (being worn)
  z - an uncursed +0 mummy wrapping
 Comestibles  ('%')
  l - an uncursed tin of stir fried hobbit meat
 Scrolls  ('?')
  i - an uncursed scroll of blank paper
  k - an uncursed scroll of blank paper
 Spellbooks  ('+')
  D - an uncursed spellbook of blank paper
 Potions  ('!')
  f - an uncursed potion of water
 Rings    ('=')
  m - an uncursed ring of levitation
  d - an uncursed ring of teleportation
  e - an uncursed ring of warning
 Wands    ('/')
  c - a wand of cancellation (0:5)
  p - a wand of nothing (0:2)
  E - a wand of speed monster (0:-1)
 Tools    ('(')
  C - an uncursed tooled horn
  A - an uncursed leash
  n - a magic marker (1:0)
  w - a +0 pick-axe
  v - an uncursed partly used tallow candle (lit)
 Gems/Stones  ('*')
  u - an uncursed amethyst stone
  x - an uncursed jacinth stone
  s - an uncursed worthless piece of red glass
  r - an uncursed worthless piece of yellowish brown glass

Calendula the Wizard's attributes:

Background:
 You were a Thaumaturge, a level 6 female human Wizard.
 You were neutral, on a mission for Thoth
 who was opposed by Ptah (lawful) and Anhur (chaotic).
 You were right-handed.
 You were in the Gnomish Mines, on level 6.
 You entered the dungeon 3360 turns ago.
 It was nighttime.
 You had 580 experience points, 60 more were needed to attain level 7.

Basics:
 You had 0 out of 45 hit points.
 You had 9 out of 58 energy points (spell power).
 Your armor class was 8.
 Your wallet contained 63 zorkmids.
 Autopickup was off.

Final Characteristics:
 Your strength was 12 (limit:18/100).
 Your dexterity was 12 (limit:18).
 Your constitution was 17 (limit:18).
 Your intelligence was 15 (limit:18).
 Your wisdom was 13 (limit:18).
 Your charisma was 9 (limit:18).

Final Status:
 You died from food poisoning.
 You weren't hungry.
 You were unencumbered.
 You were wielding a quarterstaff.
 You had basic skill with quarterstaff and could have enhanced that.

Final Attributes:
 You were piously aligned.
 You were magic-protected.
 You were warded.
 You are dead.

Miscellaneous:
 You didn't encounter any bones levels.
 Total elapsed playing time was 2 hours, 29 minutes and 12 seconds.

Major events:
 Turn
    1: Calendula the neutral female human Wizard entered the dungeon
 1126: attained the rank of Conjurer (level 3)
 2497: entered the Gnomish Mines
 2734: attained the rank of Thaumaturge (level 6)
 3109: reached Mine Town
 3360: poisoned by a rotted gnome corpse

Spells:
 Name                 Level Category     Fail Retention
 force bolt             1   attack         0%   81%-90%
 detect unseen          3   divination   100%  76%-100%
 invisibility           4   escape       100%  76%-100%
 light                  1   divination     0%  76%-100%

Skills:
 Fighting Skills
   bare handed combat [Unskilled]
   riding             [Unskilled]
 Weapon Skills
   dagger             [Unskilled]
   knife              [Unskilled]
   axe                [Unskilled]
   short sword        [Unskilled]
   club               [Unskilled]
   mace               [Unskilled]
   quarterstaff       [Basic]
   polearms           [Unskilled]
   spear              [Unskilled]
   trident            [Unskilled]
   sling              [Unskilled]
   dart               [Unskilled]
   shuriken           [Unskilled]
 Spellcasting Skills
   attack spells      [Basic]
   healing spells     [Unskilled]
   divination spells  [Unskilled]
   enchantment spells [Basic]
   clerical spells    [Unskilled]
   escape spells      [Unskilled]
   matter spells      [Unskilled]

Voluntary challenges:
 Character rerolling was not enabled.
 You never genocided any monsters.
 You never polymorphed an object.
 You never changed form.
 You used no wishes.
Achievements:
 You entered a shop.
 You attained the rank of Conjurer.
 You entered the Gnomish Mines.
 You attained the rank of Thaumaturge.
 You entered Minetown.

 The Dungeons of Doom: levels 1 to 3
    Level 1:
       A fountain.
    Level 2:
       A general store.
    Level 3:
       Stairs down to The Gnomish Mines.
 The Gnomish Mines: levels 4 to 6
    Level 4:
    Level 5:
    Level 6: <- You were here.
       A general store, a fountain.
       Final resting place for
          you, poisoned by a rotted gnome corpse.


Vanquished creatures:
  2 wolves
  a dwarf leader
  6 fog clouds
  3 gnome leaders
  2 gnomish wizards
  a kobold mummy
  a gray ooze
  a giant ant
  5 dwarves
  a homunculus
  a centipede
  2 iguanas
  a coyote
  a hobbit
  3 giant rats
  a cave spider
  a green mold
 21 gnomes
  6 geckos
  3 jackals
  2 goblins
  a sewer rat
  7 grid bugs
  3 lichens
  a kobold zombie
 11 newts
88 creatures vanquished.

No species were genocided or became extinct.

Game over:
                       ----------
                      /          \
                     /    REST    \
                    /      IN      \
                   /     PEACE      \
                  /                  \
                  |    Calendula     |
                  |      63 Au       |
                  |  poisoned by a   |
                  |   rotted gnome   |
                  |      corpse      |
                  |                  |
                  |       2026       |
                 *|     *  *  *      | *
        _________)/\\_//(\/(/\)/\//\/|_)_______

Goodbye Calendula the Wizard...

You were poisoned in The Gnomish Mines on dungeon level 6 with 2657 points,
and 63 pieces of gold, after 3360 moves.
You were level 6 with a maximum of 45 hit points when you were poisoned.

